 Dungeon Crawl Stone Soup version 0.25-a0-356-g7c9d860b3b (webtiles) character file.

Game seed: 11572027975034309716, levelgen mode: deterministic

6174 DerDa the Thaumaturge (level 10, 0/54 (56) HPs)
             Began as an Octopode Fire Elementalist on Jan 3, 2020.
             Was a Believer of Sif Muna.
             Slain by a wolf (6 damage)
             ... on level 9 of the Dungeon.
             The game lasted 00:30:13 (9229 turns).

DerDa the Thaumaturge (Octopode Fire Elementalist)  Turns: 9229, Time: 00:30:14

HP:   0/54 (56)     AC:  1    Str:  7    XL:     10   Next: 91%
MP:   14/24         EV: 13    Int: 21    God:    Sif Muna [**....]
Gold: 596           SH:  0    Dex: 13    Spells: 17/30 levels left

rFire    . . .     SeeInvis .   f - +4 short sword (freeze)
rCold    . . .     Gourm    .   (no shield)
rNeg     . . .     Faith    .   (helmet restricted)
rPois    .         Spirit   .   n - amulet of rage
rElec    .         Reflect  .   (no ring)
rCorr    .         Harm     .   (no ring)
MR       .....                  (no ring)
Stlth    +++.......             (no ring)
HPRegen  0.18/turn              (no ring)
MPRegen  0.19/turn              (no ring)
                                (no ring)
                                (no ring)

@: no status effects
A: almost no armour, stealthy swim, amphibious, 8 rings, constrict 8, camouflage
1, gelatinous body 1
a: Channel Magic, Renounce Religion, Evoke Berserk Rage


You were on level 9 of the Dungeon.
You worshipped Sif Muna.
Sif Muna was pleased with you.
You were not hungry.

You visited 2 branches of the dungeon, and saw 11 of its levels.

You collected 596 gold pieces.

Inventory:

Hand Weapons
 d - a +2 short sword of electrocution
 e - a cursed -2 quarterstaff
 f - a +4 short sword of freezing (weapon)
 v - a +1 long sword of holy wrath
Missiles
 h - 63 poisoned darts (quivered)
Jewellery
 n - an amulet of rage (around mantle)
Wands
 c - a wand of iceblast (4)
 x - a wand of flame (20)
Scrolls
 j - 4 scrolls of teleportation
 l - a scroll of enchant armour
 m - a scroll of magic mapping
 o - 2 scrolls of amnesia
 s - a scroll of enchant weapon {unknown}
 t - a scroll of vulnerability {unknown}
 y - a scroll of random uselessness {unknown}
Potions
 a - a potion of haste {unknown}
 i - 4 potions of curing {unknown}
 k - a potion of berserk rage {unknown}
 p - a potion of flight {unknown}
 q - a potion of magic {unknown}
 r - 3 potions of might {unknown}
 u - 2 potions of ambrosia {unknown}
 w - 2 potions of lignification {unknown}
Comestibles
 b - 15 rations


   Skills:
 - Level 2.0 Dodging
 - Level 2.6 Stealth
 * Level 10.6 Spellcasting
 + Level 8.1 Conjurations
 + Level 8.6 Fire Magic


You had 17 spell levels left.
You knew the following spells:

 Your Spells              Type           Power        Failure   Level  Hunger
a - Foxfire               Conj/Fire      ####         1%          1    None
b - Conjure Flame         Conj/Fire      #####...     1%          3    None
c - Sticky Flame          Conj/Fire      #####...     1%          4    ##.....
d - Fireball              Conj/Fire      #####.....   5%          5    ####...

Your spell library contained the following spells:

 Spells                   Type           Power        Failure   Level  Hunger
 Inner Flame              Hex/Fire       ####....     3%          3    None


Dungeon Overview and Level Annotations

Branches:
Dungeon (10/15)            Temple (1/1) D:5
   Lair: D:8-11         Orc: D:9-12

Altars:
Ashenzari
Cheibriados
Dithmenos
Elyvilon
Fedhas
Gozag
Hepliaklqana
Kikubaaqudgha
Makhleb
Nemelex Xobeh
Okawaru
Qazlal
Ru
Sif Muna
Trog
Uskayaw
Vehumet
Wu Jian
Xom
Yredelemnul
Zin
The Shining One

Shops:
D:7 %

Annotations:
D:7 2 transporters, Tarias's ghost, novice MfSk
D:9 4 runed translucent doors, anet's ghost, journeyman MfWr


Innate Abilities, Weirdness & Mutations

You cannot wear most types of armour.
You are very stealthy in the water. (Stealth+)
You are amphibious.
You can wear up to eight rings at the same time.
You can use your tentacles to constrict eight enemies at once.
Your skin changes colour to match your surroundings (Stealth+).
Your rubbery body absorbs attacks. (AC +1, EV +1)


Message History

The quokka twitches its whiskers.
You climb upwards.
Level annotation: 4 runed translucent doors, anet's ghost, journeyman MfWr
There is a stone staircase leading down, spattered with blood here.
The yak burns!
The yak stops burning.
The wolf barely misses you.
The wolf pauses to sniff the ground.
The yak gores you.
* * * LOW HITPOINT WARNING * * *
The wolf barely misses you. The wolf bites you!
* * * LOW HITPOINT WARNING * * *
Casting: Sticky Flame (safe; 1% risk of failure)
Confirm with . or Enter, or press ? or * to list all spells.
Aiming: Sticky Flame (safe; 1% risk of failure)
Press: ? - help, Shift-Dir - straight line, f - wolf
Aim: a wolf The sticky flame hits the wolf but does no damage.
The wolf is covered in liquid flames!
The wolf burns!
The wolf closely misses you. The wolf bites you.
You die...

#####....).........####
#.....
#.............)...###.....
#.<............##...'.....
#............).######.....
#####.########## #.....
#..<## #..... ###..##
#..... ##..# #####' ##@##
#. #hY# ## #######.#### #
#..........# #
#..[...>...############
#.......†..........(...
#..........############
############


You could see a yak and a wolf (burning).

Vanquished Creatures
  A two-headed ogre (D:9)
  An unseen horror (D:10)
  A hippogriff (D:9)
  4 yaks
  A steam dragon (D:8)
  Menkaure (D:5)
  A water moccasin (D:7)
  2 orc warriors
  2 sky beasts
  4 ice beasts
  2 phantoms
  A necrophage (D:7)
  8 ogres
  6 centaurs
  A wolf (D:9)
  A crocodile (D:7)
  A big kobold (D:7)
  3 bullfrogs
  3 scorpions
  A killer bee (D:9)
  5 wights (D:6)
  5 crimson imps
  A centaur zombie (D:9)
  A quasit (D:9)
  A bullfrog zombie (D:6)
  2 orc priests
  2 orc wizards (D:5)
  2 hounds
  2 jellies
  A bullfrog skeleton (D:7)
  2 iguanas
  6 worker ants
  A worker ant zombie (D:5)
  7 adders
  4 gnolls (D:4)
  A shadow imp (D:6)
  An ooze (D:3)
  4 worms
  3 dart slugs
  3 leopard geckos
  15 orcs
  7 bats
  7 giant cockroaches
  12 goblins
  11 hobgoblins
  24 jackals
  10 kobolds
  7 quokkas
  A ball python (D:3)
  7 frilled lizards
  A jackal skeleton (D:5)
  A leopard gecko zombie (D:5)
  8 rats
210 creatures vanquished.

Vanquished Creatures (others)
  A quokka (D:4)
  408 foxfires
409 creatures vanquished.

Grand Total: 619 creatures vanquished

Notes
Turn   | Place    | Note
-------+----------+-------------------------------------------
     0 | D:1      | DerDa the Octopode Fire Elementalist began the quest for
                  | the Orb.
     0 | D:1      | Reached XP level 1. HP: 11/11 MP: 3/3
   165 | D:1      | Reached XP level 2. HP: 17/17 MP: 0/5
   453 | D:1      | Reached XP level 3. HP: 21/21 MP: 4/6
  1030 | D:2      | Reached skill level 3 in Spellcasting
  1192 | D:2      | Reached XP level 4. HP: 23/27 MP: 6/8
  1842 | D:3      | Reached XP level 5. HP: 28/31 MP: 5/10
  1863 | D:3      | Found a burning altar of Makhleb.
  1868 | D:3      | Found a radiant altar of Vehumet.
  1869 | D:3      | Found a basalt altar of Yredelemnul.
  1886 | D:3      | Found a snail-covered altar of Cheibriados.
  1966 | D:3      | Found an opulent altar of Gozag.
  2322 | D:4      | Noticed an ogre
  2333 | D:4      | Killed an ogre
  2333 | D:4      | Reached skill level 4 in Spellcasting
  2333 | D:4      | Reached XP level 6. HP: 9/36 MP: 3/12
  2407 | D:4      | Found a blossoming altar of Fedhas.
  2552 | D:4      | Learned a level 3 spell: Conjure Flame
  2557 | D:4      | Learned a level 4 spell: Sticky Flame
  2644 | D:4      | Noticed a phantom
  2694 | D:4      | Killed a phantom
  2694 | D:4      | Reached skill level 5 in Spellcasting
  2694 | D:4      | Reached XP level 7. HP: 28/41 MP: 2/14
  2946 | D:4      | Found a white marble altar of Elyvilon.
  3298 | D:5      | Entered Level 5 of the Dungeon
  3304 | D:5      | Reached skill level 5 in Fire Magic
  3578 | D:5      | Found a sparkling altar of Nemelex Xobeh.
  3655 | D:5      | Reached skill level 6 in Spellcasting
  3655 | D:5      | Reached XP level 8. HP: 46/46 MP: 7/17
  3854 | D:5      | Found a staircase to the Ecumenical Temple.
  3864 | Temple   | Entered the Ecumenical Temple
  3919 | Temple   | Became a worshipper of Sif Muna the Loreminder
  4021 | D:5      | Learned a level 5 spell: Fireball
  4154 | D:5      | Noticed Menkaure
  4158 | D:5      | Killed Menkaure
  4419 | D:6      | Reached skill level 5 in Conjurations
  4430 | D:6      | Reached skill level 7 in Spellcasting
  4660 | D:6      | Reached XP level 9. HP: 51/51 MP: 7/20
  5260 | D:7      | Reached skill level 8 in Spellcasting
  5357 | D:7      | Reached * piety under Sif Muna
  5898 | D:7      | Found Rafios's Food Shop.
  6177 | D:7      | Found a transporter.
  6178 | D:7      | Noticed Tarias's ghost (novice MfSk)
  6179 | D:7      | Found a transporter.
  6179 | D:7      | Identified the +10 dire flail "Suisa" {crush, +Blink rF-
                  | MR- Str+7}
  6962 | D:8      | Reached skill level 9 in Spellcasting
  7242 | D:8      | Found an ancient bone altar of Kikubaaqudgha.
  7629 | D:9      | Reached XP level 10. HP: 46/54 MP: 5/23
  8145 | D:9      | Found a glowing golden altar of the Shining One.
  8145 | D:9      | Noticed an angel
  8146 | D:9      | Found a runed translucent door.
  8175 | D:9      | Noticed a two-headed ogre
  8252 | D:9      | Killed a two-headed ogre
  8252 | D:9      | Reached skill level 10 in Spellcasting
  8663 | D:9      | Found a runed translucent gate.
  8663 | D:9      | Found a runed translucent gate.
  8664 | D:9      | Found a runed translucent gate.
  8665 | D:9      | Found an opulent altar of Gozag.
  8667 | D:9      | Noticed a fire giant
  8667 | D:9      | Noticed a centaur warrior
  8668 | D:9      | Noticed anet's ghost (journeyman MfWr)
  8749 | D:10     | Entered Level 10 of the Dungeon
  8771 | D:10     | Noticed an unseen horror
  8775 | D:10     | Killed an unseen horror
  8878 | D:10     | Reached ** piety under Sif Muna
  9229 | D:9      | Slain by a wolf

Levels and vault maps discovered:
D:1:      minmay_arrival_checkered_box, layout_loops_ring
D:2:      layout_loops_corners
D:3:      layout_loops_ring, lemuel_crystal_altar,
          chequers_temple_overflow_statue_of_worship,
          lemuel_coloured_pillars_altar
D:4:      layout_basic, fedhas_altar_4, first_ration, elyvilon_altar_4
D:5:      layout_basic, nemelex_xobeh_ov_fountains_minmay,
          minmay_temple_entry_butterflies, uniq_menkaure
D:6:      layout_loops_ring
D:7:      layout_loops_corners, gammafunk_ghost_smash, serial_shops,
          kennysheep_mini
D:8:      layout_layer_cave, kennysheep_little_box
D:9:      layout_roguey, ebering_ghost_gozag, lemuel_angel_altar
D:10:     layout_cave_pods, erik_lair_island, grunt_tengu_nest
Temple:   jpeg_temple_clearing

Skill      XL: |  1  2  3  4  5  6  7  8  9 10 |
---------------+-------------------------------+-----
Spellcasting   | 3 4 5 6 7 9 10 | 10.6
Conjurations   | 2 3 4 5 6 8 |  8.1
Fire Magic     | 4 5 6 7 8 |  8.6
Dodging        | |  2.0
Stealth        | |  2.6

Action                   |  1- 3 |  4- 6 |  7- 9 | 10-12 || total
-------------------------+-------+-------+-------+-------++-------
Melee: Unarmed           |     2 |       |       |       ||     2
       Constrict         |     9 |     8 |    17 |     6 ||    40
       Whip              |     2 |       |       |       ||     2
       Short sword       |    30 |    44 |    96 |    30 ||   200
       Tentacles         |     4 |     5 |    12 |     4 ||    25
 Cast: Foxfire           |    51 |   110 |    88 |    15 ||   264
       Sticky Flame      |       |       |    36 |    25 ||    61
       Conjure Flame     |       |       |     3 |     1 ||     4
       Fireball          |       |       |     3 |     6 ||     9
  Use: Scroll            |       |       |     7 |     1 ||     8
       Potion            |       |       |     2 |       ||     2
 Stab: Sleeping          |     2 |     2 |     3 |       ||     7
  Eat: Chunk             |     1 |     5 |    19 |     5 ||    30
       Ration            |       |       |       |     1 ||     1
Armor: Skin              |     6 |     4 |     4 |     2 ||    16
Dodge: Dodged            |    25 |    24 |    84 |    48 ||   181

Table legend:
 A = Non-vault XP
 B = Vault XP
 C = Vault XP percentage of total XP
 D = Non-vault monster count
 E = Vault monster count
 F = Vault count percentage of total count
                 A         B        C        D         E       F
            +---------+---------+-------+---------+---------+-------
      Total |    8535 |     285 |   3.2 |     208 |       2 |   1.0
            +---------+---------+-------+---------+---------+-------
        D:1 |      47 |       0 |   0.0 |      25 |       0 |   0.0
        D:2 |      60 |       0 |   0.0 |      27 |       0 |   0.0
        D:3 |      98 |       0 |   0.0 |      34 |       0 |   0.0
        D:4 |     790 |       0 |   0.0 |      29 |       0 |   0.0
        D:5 |     627 |     169 |  21.2 |      20 |       1 |   4.8
        D:6 |    1038 |       0 |   0.0 |      16 |       0 |   0.0
        D:7 |    1034 |       0 |   0.0 |      17 |       0 |   0.0
        D:8 |     419 |       0 |   0.0 |       4 |       0 |   0.0
        D:9 |    2841 |     116 |   3.9 |      29 |       1 |   3.3
       D:10 |    1581 |       0 |   0.0 |       7 |       0 |   0.0
            +---------+---------+-------+---------+---------+-------
